SL
MISSISSIPPI BRAVES @ PENSACOLA BLUE WAHOOS
04/04/2024
 
TOP OF THE 1ST
Mississippi Braves batting - Pitching for Pensacola Blue Wahoos : RHP Ryan Lentz
Pitching: RHP Ryan Lentz
Batting: RHB Brandon McIlwain 0-0: Swinging Strike
0-1: Ground out 4-3 (Groundball, 4, EV 91.3 MPH)
Batting: RHB Rafael Vázquez 0-0: TRIPLE (Line Drive, 78XD, EV 101.3 MPH)
Batting: LHB Manel Penetra 0-0: Ball
1-0: Called Strike
1-1: Called Strike
1-2: Foul Ball, location: 7LDF
1-2: Ball
2-2: Fly out, F8 (Flyball, 8RM, EV 86.3 MPH)
Runner from 3rd tags up, SCORES, throw by CF
Batting: RHB Mark Vientos 0-0: Foul Ball, location: 2F
0-1: Ball
1-1: Ball
2-1: Ball
3-1: Fly out, F4 (Popup, 34, EV 66.9 MPH)
Top of the 1st over - 1 run, 1 hit, 0 errors, 0 left on base; Mississippi 1 - Pensacola 0
BOTTOM OF THE 1ST
Pensacola Blue Wahoos batting - Pitching for Mississippi Braves : RHP Jonathan Golding
Pitching: RHP Jonathan Golding
Batting: SHB Aaron Garvey Jr. 0-0: Called Strike
0-1: Foul Ball, location: 7LMF
0-2: Ball
1-2: Fly out, F7 (Flyball, 7, EV 93.8 MPH)
Batting: RHB Jordan Lawlar 0-0: Ball
1-0: Called Strike
1-1: Ball
2-1: Ball
3-1: Foul Ball, location: 2F
3-2: Foul Ball, location: 23F
3-2: Ground out 6-3 (Groundball, 6, EV 86.9 MPH)
Batting: RHB Barry Corbin 0-0: Ball
1-0: Ball
2-0: Foul Ball, location: 25F
2-1: Ball
3-1: Base on Balls
Batting: LHB James Wood 0-0: Foul Ball, location: 7LMF
0-1: Ball
1-1: Foul Ball, location: 2RF
1-2: Strikes out looking
Bottom of the 1st over - 0 runs, 0 hits, 0 errors, 1 left on base; Mississippi 1 - Pensacola 0
TOP OF THE 2ND
Mississippi Braves batting - Pitching for Pensacola Blue Wahoos : RHP Ryan Lentz
Batting: LHB Grant Lavigne 0-0: Ball
1-0: Ball
2-0: Called Strike
2-1: SINGLE (Line Drive, 4MD, EV 107.5 MPH)
Batting: RHB Tim Allen 0-0: Swinging Strike
0-1: Foul Ball, location: 7LSFF
0-2: Ball
1-2: Strikes out swinging
Batting: LHB Vaughan Hinkle 0-0: DOUBLE (Line Drive, 78M, EV 100.0 MPH)
Grant Lavigne to third
Batting: RHB Nonie Williams 0-0: Ball
1-0: Ball
2-0: Swinging Strike
2-1: Foul Ball, location: 9LMF
2-2: Ball
3-2: Base on Balls
Batting: RHB Luis Almanzar 0-0: SINGLE (Line Drive, 7LS, EV 96.9 MPH)
Grant Lavigne scores
Vaughan Hinkle to third
Nonie Williams to second
Runner from 3rd tries for Home, SAFE, throw by LF to home
Batting: RHB Brandon McIlwain 0-0: Ball
1-0: Ball
2-0: Swinging Strike
2-1: Called Strike
2-2: Grounds into double play, 4-6-3 (Groundball, 4, EV 81.3 MPH)
Top of the 2nd over - 2 runs, 3 hits, 0 errors, 1 left on base; Mississippi 3 - Pensacola 0
BOTTOM OF THE 2ND
Pensacola Blue Wahoos batting - Pitching for Mississippi Braves : RHP Jonathan Golding
Batting: RHB Wilderd Patino 0-0: Ball
1-0: Fly out, F7 (Flyball, 78M, EV 95.0 MPH)
Batting: RHB Jacob Young 0-0: Called Strike
0-1: DOUBLE (Flyball, 8LXD, EV 106.9 MPH)
Batting: LHB Diego Flores 0-0: Foul Ball, location: 2F
0-1: Ball
1-1: Ball
2-1: Fly out, F7 (Flyball, 7, EV 90.0 MPH)
Batting: RHB Riley Tirotta 0-0: Ball
1-0: Ball
2-0: Ball
3-0: Called Strike
3-1: Base on Balls
Batting: RHB Victor Torres 0-0: Ball
1-0: Swinging Strike
1-1: Ground out 3-1 (Groundball, 34, EV 91.3 MPH)
Bottom of the 2nd over - 0 runs, 1 hit, 0 errors, 2 left on base; Mississippi 3 - Pensacola 0
TOP OF THE 3RD
Mississippi Braves batting - Pitching for Pensacola Blue Wahoos : RHP Ryan Lentz
Batting: RHB Rafael Vázquez 0-0: Called Strike
0-1: SINGLE (Groundball, 25, EV 66.9 MPH) (infield hit)
Batting: LHB Manel Penetra 0-0: Ball
1-0: Called Strike
1-1: Ball
2-1: Foul Ball, location: 2F
2-2: Foul Ball, location: 5F
2-2: Ball
3-2: Base on Balls
Rafael Vázquez to second
Batting: RHB Mark Vientos 0-0: Ball
1-0: Ball
2-0: Ball
3-0: Called Strike
3-1: Base on Balls
Rafael Vázquez to third
Manel Penetra to second
Batting: LHB Grant Lavigne 0-0: Hit by Pitch
Rafael Vázquez scores
Manel Penetra to third
Mark Vientos to second
Batting: RHB Tim Allen 0-0: Called Strike
0-1: Called Strike
0-2: Ball
1-2: SINGLE (Groundball, 6MD, EV 98.1 MPH)
Manel Penetra scores
Mark Vientos to third
Grant Lavigne to second
Batting: LHB Vaughan Hinkle 0-0: Ball
1-0: Fly out, F7 (Flyball, 7D, EV 98.8 MPH)
Runner from 3rd tags up, SCORES, no throw by LF
Pitching: RHP Connor Sunday
Batting: RHB Nonie Williams 0-0: Ball
Wild Pitch!
Grant Lavigne to third
Tim Allen to second
1-0: Ball
2-0: Called Strike
2-1: Ground out 6-3 (Groundball, 6, EV 86.3 MPH)
Grant Lavigne scores
Batting: RHB Luis Almanzar 0-0: Ball
1-0: SINGLE (Groundball, 4M, EV 90.6 MPH)
Tim Allen to third
Runner from 3rd tries for Home, SAFE, throw by CF to home
Batting: RHB Brandon McIlwain 0-0: Called Strike
0-1: Fielders Choice at 2nd, 6-4 (Groundball, 6, EV 102.5 MPH)
Top of the 3rd over - 5 runs, 3 hits, 0 errors, 1 left on base; Mississippi 8 - Pensacola 0
BOTTOM OF THE 3RD
Pensacola Blue Wahoos batting - Pitching for Mississippi Braves : RHP Jonathan Golding
Batting: SHB Aaron Garvey Jr. 0-0: Ground out 6-3 (Groundball, 6, EV 81.9 MPH)
Batting: RHB Jordan Lawlar 0-0: Called Strike
0-1: Ball
1-1: Foul Ball, location: 2F
1-2: Foul Ball, location: 2F
1-2: Foul Ball, location: 5FF
1-2: Ball
2-2: Strikes out swinging
Batting: RHB Barry Corbin 0-0: Ball
1-0: Called Strike
1-1: Ball
2-1: Called Strike
2-2: Foul Ball, location: 9LMF
2-2: Fly out, F7 (Flyball, 7D, EV 109.4 MPH)
Bottom of the 3rd over - 0 runs, 0 hits, 0 errors, 0 left on base; Mississippi 8 - Pensacola 0
TOP OF THE 4TH
Mississippi Braves batting - Pitching for Pensacola Blue Wahoos : RHP Connor Sunday
Batting: RHB Rafael Vázquez 0-0: Ball
1-0: Swinging Strike
1-1: Fly out, F9 (Flyball, 89XD, EV 98.1 MPH)
Batting: LHB Manel Penetra 0-0: Ball
1-0: Ball
2-0: Foul Ball, location: 23FF
2-1: Called Strike
2-2: Strikes out looking
Batting: RHB Mark Vientos 0-0: Fly out, F6 (Line Drive, 6M, EV 66.9 MPH)
Top of the 4th over - 0 runs, 0 hits, 0 errors, 0 left on base; Mississippi 8 - Pensacola 0
BOTTOM OF THE 4TH
Pensacola Blue Wahoos batting - Pitching for Mississippi Braves : RHP Jonathan Golding
Batting: LHB James Wood 0-0: Ball
1-0: Ball
2-0: Ball
3-0: Called Strike
3-1: Base on Balls
Batting: RHB Wilderd Patino 0-0: Ball
1-0: Foul Ball, location: 23F
1-1: Ball
2-1: Called Strike
2-2: Fly out, F9 (Flyball, 9, EV 88.1 MPH)
Batting: RHB Jacob Young 0-0: Ball
1-0: Called Strike
James Wood steals 2nd base
1-1: Ball
2-1: DOUBLE (Flyball, 8LXD, EV 108.8 MPH)
James Wood scores
Batting: LHB Diego Flores 0-0: Ball
1-0: Ball
2-0: Ball
3-0: Base on Balls
Batting: RHB Riley Tirotta 0-0: Called Strike
0-1: Ball
1-1: Foul Ball, location: 2F
1-2: SINGLE (Line Drive, 8LS, EV 103.8 MPH)
Jacob Young to third
Diego Flores to second
Batting: RHB Victor Torres 0-0: Ball
1-0: Called Strike
1-1: Called Strike
1-2: Strikes out swinging
Batting: SHB Aaron Garvey Jr. 0-0: Ball
1-0: Called Strike
1-1: Ball
2-1: Foul Ball, location: 2F
2-2: Foul Ball, location: 23F
2-2: Ball
3-2: Base on Balls
Jacob Young scores
Diego Flores to third
Riley Tirotta to second
Batting: RHB Jordan Lawlar 0-0: Ball
1-0: Called Strike
1-1: Ball
2-1: SINGLE (Line Drive, 34, EV 99.4 MPH)
Diego Flores scores
Riley Tirotta to third
Aaron Garvey Jr. to second
Runner from 3rd tries for Home, SAFE, throw by RF to home
Batting: RHB Barry Corbin 0-0: Ball
1-0: Swinging Strike
1-1: Fly out, F3 (Popup, 3SF, EV 68.1 MPH)
Bottom of the 4th over - 4 runs, 3 hits, 0 errors, 2 left on base; Mississippi 8 - Pensacola 4
TOP OF THE 5TH
Mississippi Braves batting - Pitching for Pensacola Blue Wahoos : RHP Connor Sunday
Batting: LHB Grant Lavigne 0-0: Called Strike
0-1: Foul Ball, location: 7LDF
0-2: Strikes out swinging
Batting: RHB Tim Allen 0-0: Called Strike
0-1: Fly out, F7 (Flyball, 7LS, EV 84.4 MPH)
Batting: LHB Vaughan Hinkle 0-0: Called Strike
0-1: Ball
1-1: Ball
2-1: Called Strike
2-2: Foul Ball, location: 7LMF
2-2: Ball
3-2: Foul Ball, location: 2F
3-2: Base on Balls
Batting: RHB Nonie Williams 0-0: Called Strike
0-1: Ball
1-1: Foul Ball, location: 7LSF
1-2: Foul Ball, location: 9LDF
1-2: Ball
2-2: Foul Ball, location: 5FF
2-2: Ball
Vaughan Hinkle is caught stealing 2nd base 2-4
Top of the 5th over - 0 runs, 0 hits, 0 errors, 0 left on base; Mississippi 8 - Pensacola 4
BOTTOM OF THE 5TH
Pensacola Blue Wahoos batting - Pitching for Mississippi Braves : RHP Jonathan Golding
Batting: LHB James Wood 0-0: Ball
1-0: Called Strike
1-1: Ball
2-1: DOUBLE (Flyball, 8RXD, EV 101.9 MPH)
Batting: RHB Wilderd Patino 0-0: Ball
1-0: Swinging Strike
1-1: Fly out, F7 (Flyball, 7S, EV 90.0 MPH)
Pitching: LHP Justin Fall
Batting: RHB Jacob Young 0-0: Ball
1-0: Ball
2-0: Swinging Strike
2-1: Ground out 4-3 (Groundball, 4, EV 80.6 MPH)
James Wood to third
Batting: LHB Diego Flores 0-0: Swinging Strike
0-1: Fly out, F9 (Line Drive, 9S, EV 84.4 MPH)
Bottom of the 5th over - 0 runs, 1 hit, 0 errors, 1 left on base; Mississippi 8 - Pensacola 4
TOP OF THE 6TH
Mississippi Braves batting - Pitching for Pensacola Blue Wahoos : RHP Connor Sunday
Batting: RHB Nonie Williams 0-0: Ball
1-0: Fly out, F9 (Line Drive, 89M, EV 93.8 MPH)
Batting: RHB Luis Almanzar 0-0: Ball
1-0: Ball
2-0: Called Strike
2-1: Ball
3-1: Base on Balls
Batting: RHB Brandon McIlwain 0-0: Ball
1-0: Called Strike
1-1: Called Strike
1-2: Ball
2-2: Ball
3-2: Foul Ball, location: 3FF
3-2: Base on Balls
Luis Almanzar to second
Batting: RHB Rafael Vázquez 0-0: Called Strike
0-1: Called Strike
0-2: Ball
1-2: Ball
2-2: Ball
3-2: Base on Balls
Luis Almanzar to third
Brandon McIlwain to second
Pitching: RHP Clark Riley
Batting: LHB Manel Penetra 0-0: Called Strike
0-1: Foul Ball, location: 5DF
0-2: Ball
1-2: Fly out, F7 (Flyball, 7, EV 98.1 MPH)
Runner from 3rd tags up, SCORES, no throw by LF
Batting: RHB Mark Vientos 0-0: Ball
1-0: Swinging Strike
1-1: Called Strike
1-2: Ball
2-2: Foul Ball, location: 5FF
2-2: Ball
3-2: Foul Ball, location: 5FF
3-2: SINGLE (Line Drive, 9S, EV 108.1 MPH)
Brandon McIlwain to third
Rafael Vázquez to second
Brandon McIlwain scores
Rafael Vázquez to third
Batting: LHB Grant Lavigne 0-0: Called Strike
0-1: Ball
1-1: Called Strike
1-2: Ball
2-2: Fly out, F6 (Line Drive, 6, EV 71.9 MPH)
Top of the 6th over - 2 runs, 1 hit, 0 errors, 2 left on base; Mississippi 10 - Pensacola 4
BOTTOM OF THE 6TH
Pensacola Blue Wahoos batting - Pitching for Mississippi Braves : LHP Justin Fall
Batting: RHB Riley Tirotta 0-0: Foul Ball, location: 5F
0-1: Foul Ball, location: 2F
0-2: Fly out, F9 (Flyball, 9, EV 94.4 MPH)
Batting: RHB Victor Torres 0-0: Ground out 6-3 (Groundball, 6, EV 83.1 MPH)
Batting: SHB Aaron Garvey Jr. 0-0: Called Strike
0-1: Foul Ball, location: 2F
0-2: Foul Ball, location: 3SF
0-2: SINGLE (Line Drive, 9S, EV 107.5 MPH)
Batting: RHB Jordan Lawlar 0-0: Swinging Strike
0-1: Called Strike
0-2: Ball
1-2: Strikes out looking
Bottom of the 6th over - 0 runs, 1 hit, 0 errors, 1 left on base; Mississippi 10 - Pensacola 4
TOP OF THE 7TH
Mississippi Braves batting - Pitching for Pensacola Blue Wahoos : RHP Clark Riley
Batting: RHB Tim Allen 0-0: Called Strike
0-1: Fly out, F8 (Line Drive, 89M, EV 91.3 MPH)
Batting: LHB Vaughan Hinkle 0-0: Ground out 6-3 (Groundball, 6D, EV 110.0 MPH)
Pitching: RHP Dennis Boatman
Batting: RHB Nonie Williams 0-0: Ball
1-0: Called Strike
1-1: Foul Ball, location: 2F
1-2: SINGLE (Line Drive, 34D, EV 98.1 MPH)
Batting: RHB Luis Almanzar 0-0: Ball
1-0: Foul Ball, location: 7LDF
1-1: Fielders Choice at 2nd, 5-4 (Groundball, 56, EV 99.4 MPH)
Top of the 7th over - 0 runs, 1 hit, 0 errors, 1 left on base; Mississippi 10 - Pensacola 4
BOTTOM OF THE 7TH
Pensacola Blue Wahoos batting - Pitching for Mississippi Braves : LHP Justin Fall
Batting: RHB Barry Corbin 0-0: Called Strike
0-1: Called Strike
0-2: Fly out, F7 (Line Drive, 78M, EV 93.8 MPH)
Batting: LHB James Wood 0-0: SOLO HOME RUN (Flyball, 7D, EV 100.0 MPH), Distance : 391 ft
Batting: RHB Wilderd Patino 0-0: Ball
1-0: Ball
2-0: Ball
3-0: Called Strike
3-1: Called Strike
3-2: Foul Ball, location: 2F
3-2: Foul Ball, location: 3F
3-2: Foul Ball, location: 2F
3-2: Base on Balls
Batting: RHB Jacob Young 0-0: Called Strike
0-1: Foul Ball, location: 25F
0-2: Ground out 4-3 (Groundball, 34D, EV 105.0 MPH)
Wilderd Patino to second
Batting: LHB Diego Flores 0-0: Swinging Strike
0-1: Ground out 4-3 (Groundball, 4, EV 83.8 MPH)
Bottom of the 7th over - 1 run, 1 hit, 0 errors, 1 left on base; Mississippi 10 - Pensacola 5
TOP OF THE 8TH
Mississippi Braves batting - Pitching for Pensacola Blue Wahoos : RHP Dennis Boatman
Batting: RHB Brandon McIlwain 0-0: Ball
1-0: Ground out 5-3 (Groundball, 5S, EV 67.5 MPH)
Batting: RHB Rafael Vázquez 0-0: Called Strike
0-1: DOUBLE (Line Drive, 9LD, EV 111.3 MPH)
Batting: LHB Manel Penetra 0-0: Ball
Wild Pitch!
Rafael Vázquez to third
1-0: Called Strike
1-1: Fly out, F3 (Popup, 3SF, EV 69.4 MPH)
Batting: RHB Mark Vientos 0-0: Ball
1-0: Ball
2-0: Foul Ball, location: 5F
2-1: Ball
3-1: Called Strike
3-2: Ground out 6-3 (Groundball, 6, EV 102.5 MPH)
Top of the 8th over - 0 runs, 1 hit, 0 errors, 1 left on base; Mississippi 10 - Pensacola 5
BOTTOM OF THE 8TH
Pensacola Blue Wahoos batting - Pitching for Mississippi Braves : LHP Justin Fall
Batting: RHB Riley Tirotta 0-0: Ball
1-0: Ball
2-0: Ball
3-0: Called Strike
3-1: Called Strike
3-2: Foul Ball, location: 2F
3-2: DOUBLE (Line Drive, 7LM, EV 101.9 MPH)
Batting: RHB Victor Torres 0-0: Ball
1-0: Ball
2-0: Ball
3-0: Base on Balls
Batting: SHB Aaron Garvey Jr. 0-0: Ball
1-0: Reached on error, E7 (Flyball, 7, EV 88.8 MPH)
Riley Tirotta to third
Victor Torres to second
Pitching: RHP Stevie Emanuels
Batting: RHB Jordan Lawlar 0-0: Ball
1-0: Ball
2-0: Called Strike
2-1: Ball
3-1: Called Strike
3-2: Grounds into fielders choice 5-2 (Groundball, 56S, EV 72.5 MPH)
Victor Torres to third
Aaron Garvey Jr. to second
Batting: RHB Barry Corbin 0-0: Called Strike
0-1: Ball
1-1: Foul Ball, location: 2F
1-2: Foul Ball, location: 2F
1-2: Fly out, F7 (Flyball, 7LMF, EV 88.8 MPH)
Runner from 3rd tags up, SCORES, no throw by LF
Batting: LHB James Wood 0-0: Called Strike
0-1: Foul Ball, location: 2F
0-2: Foul Ball, location: 2F
0-2: Foul Ball, location: 2F
0-2: Ground out 4-3 (Groundball, 4, EV 87.5 MPH)
Bottom of the 8th over - 1 run, 1 hit, 1 error, 2 left on base; Mississippi 10 - Pensacola 6
TOP OF THE 9TH
Mississippi Braves batting - Pitching for Pensacola Blue Wahoos : RHP Dennis Boatman
Pitching: LHP Bodi Rascon
Batting: LHB Grant Lavigne 0-0: Called Strike
0-1: Ball
1-1: Swinging Strike
1-2: Strikes out swinging
Batting: RHB Tim Allen 0-0: Ground out 3-1 (Groundball, 34, EV 108.1 MPH)
Batting: LHB Vaughan Hinkle 0-0: Ball
1-0: Foul Ball, location: 5FF
1-1: Ball
2-1: Foul Ball, location: 2F
2-2: Foul Ball, location: 2F
2-2: Foul Ball, location: 2F
2-2: Foul Ball, location: 3F
2-2: Ball
3-2: DOUBLE (Flyball, 8RXD, EV 98.8 MPH)
Batting: RHB Nonie Williams 0-0: Called Strike
0-1: Ball
1-1: Ball
2-1: Foul Ball, location: 2F
2-2: SINGLE (Flyball, 8LS, EV 93.1 MPH)
Vaughan Hinkle to third
Runner from 3rd tries for Home, SAFE, throw by CF to home
Batting: RHB Luis Almanzar 0-0: Ball
1-0: DOUBLE (Flyball, 78D, EV 111.3 MPH)
Nonie Williams to third
Batting: RHB Brandon McIlwain 0-0: SINGLE (Line Drive, 9LS, EV 91.3 MPH)
Nonie Williams scores
Luis Almanzar to third
Runner from 3rd tries for Home, SAFE, throw by RF to home
Brandon McIlwain to second
Pinch Hitting: RHB Chad Evans 0-0: Swinging Strike
0-1: Foul Ball, location: 23FF
0-2: Ground out 5-3 (Groundball, 5, EV 90.0 MPH)
Top of the 9th over - 3 runs, 4 hits, 0 errors, 1 left on base; Mississippi 13 - Pensacola 6
BOTTOM OF THE 9TH
Pensacola Blue Wahoos batting - Pitching for Mississippi Braves : RHP Stevie Emanuels
Now at 2B: Luis Almanzar
Now at SS: Chad Evans
Batting: RHB Wilderd Patino 0-0: Called Strike
0-1: Called Strike
0-2: Ball
1-2: Foul Ball, location: 9LSF
1-2: Ball
2-2: Strikes out swinging
Batting: RHB Jacob Young 0-0: Ball
1-0: Ball
2-0: SINGLE (Groundball, 4, EV 90.6 MPH)
Pinch Hitting: RHB Francisco Luna 0-0: Ball
Wild Pitch!
Jacob Young to second
1-0: Called Strike
1-1: Ball
2-1: Swinging Strike
2-2: Ball
3-2: Base on Balls
Batting: RHB Riley Tirotta 0-0: Ball
1-0: Fielders Choice at 2nd, 3-6 (Groundball, 34, EV 83.8 MPH)
Jacob Young to third
Pinch Hitting: RHB Nathan Oats 0-0: Ground out 1-3 (Groundball, 15S, EV 68.8 MPH)
Bottom of the 9th over - 0 runs, 1 hit, 0 errors, 2 left on base; Mississippi 13 - Pensacola 6
Saturday, April 13th , 2024 - OOTP Baseball 24.11 Build 85